 Dungeon Crawl Stone Soup version 0.27.1-3-gb3d3a73c9e (webtiles) character file.

Game seed: 14758888992693278767

480 CuBeRJAN3 the Skirmisher (level 7, 0/44 HPs)
             Began as a Gargoyle Fighter on Oct 10, 2021.
             Was a Follower of Zin.
             Slain by an adder (2 damage)
             ... on level 6 of the Dungeon.
             The game lasted 00:18:51 (4686 turns).

CuBeRJAN3 the Skirmisher (Gargoyle Fighter)         Turns: 4686, Time: 00:18:52

Health: 0/44       AC: 18    Str: 22    XL:     7   Next: 11%
Magic:  7/7        EV:  4    Int:  8    God:    Zin [*.....]
Gold:   111        SH: 14    Dex:  9    Spells: 6/6 levels left

rFire    . . .     SeeInvis .   a - +0 flail
rCold    . . .     Faith    .   c - +0 kite shield
rNeg     + . .     Spirit   .   q - +0 plate armour
rPois    ∞         Reflect  +   l - +0 helmet
rElec    +         Harm     .   (no cloak)
rCorr    .         Rampage  .   (no gloves)
Will     .....                  (no boots)
Stlth    ..........             m - amulet of reflection
HPRegen  0.14/turn              (no ring)
MPRegen  0.10/turn              (no ring)

@: mighty
A: sickness immunity, AC +4, negative energy resistance 1, electricity
resistance, torment resistance 1, petrification resistance
a: Renounce Religion, Recite, Donate Gold


You were on level 6 of the Dungeon.
You worshipped Zin.
Zin was aware of your devotion.
You visited 1 branch of the dungeon, and saw 6 of its levels.
You also visited: Sewer.

You collected 151 gold pieces.
You donated 40 gold pieces to Zin.

Inventory:

Hand Weapons
 a - a +0 flail (weapon)
 f - a +0 hunting sling
Armour
 b - a +0 scale mail
 c - a +0 kite shield (worn)
 l - a +0 helmet (worn)
 q - a +0 plate armour (worn)
Jewellery
 m - an amulet of reflection (around neck)
Scrolls
 i - a scroll of fog
 n - a scroll of magic mapping
 o - a scroll of identify
Potions
 e - a potion of attraction
 h - 3 potions of curing
 k - a potion of brilliance {unknown}
 r - a potion of magic {unknown}


   Skills:
 * Level 5.6 Fighting
 * Level 4.6 Maces & Flails
 + Level 4.6 Armour
 + Level 4.4 Shields


You had 6 spell levels left.
You didn't know any spells.
Your spell library contained the following spells:

 Spells                   Type           Power      Damage    Failure   Level
 Frozen Ramparts          Ice            0%         1d2       100%        3
 Ice Form                 Ice/Tmut       0%         N/A       100%        4
 Summon Ice Beast         Ice/Summ       0%         N/A       100%        4


Dungeon Overview and Level Annotations

Branches:
Dungeon (7/15)              Sewer (visited)
 Temple: D:4-7

Altars:
Zin

Annotations:
D:2 1 runed translucent door, exclusion: door, Crazy Yiuf
D:3 1 exclusion
D:6 Blork the orc


Innate Abilities, Weirdness & Mutations

You are immune to sickness and miasma.
Your stone body is resilient. (AC +4)
You are immune to poison.
You resist negative energy. (rN+)
You are resistant to electric shocks. (rElec)
You are resistant to unholy torment.
You are immune to petrification.


Message History

The gnoll hits you but does no damage.
Blork the orc begins to cast a cantrip, but forgets the words!
The gnoll sergeant hits you but does no damage.
You block the adder's attack.
The shadow imp closely misses something.
The hound bites you but does no damage.
Your orc hits the hound but does no damage.
The gnoll barely misses you. Blork the orc barely misses you.
Drop what? 16/52 slots (_ for help) (? for menu, Esc to quit)
Okay, then.
You feel very mighty all of a sudden. The adder bites you but does no damage.
Your adder misses the adder. The hound bites you.
You block the gnoll sergeant's attack.
Blork the orc hits you from afar with a +0 trident.
Your orc misses the hound. You block the gnoll's attack.
Your adder barely misses the adder.
The adder barely misses you. The hound bites you but does no damage.
You barely miss the adder.
The adder is moderately wounded.
Blork the orc hits you from afar with a +0 trident!
* * * LOW HITPOINT WARNING * * *
You block the gnoll sergeant's attack. The hound bites you but does no damage.
You block Blork the orc's attack. The adder barely misses you.
Your orc wizard hits the hound with a +0 dagger.
Your adder bites the adder.
Your orc closely misses the hound.
The gnoll hits you from afar with a +2 spear of freezing.
* * * LOW HITPOINT WARNING * * *
The gnoll freezes you.
* * * LOW HITPOINT WARNING * * *
The gnoll sergeant hits you from afar with a +0 spear.
* * * LOW HITPOINT WARNING * * *
The hound bites you.
* * * LOW HITPOINT WARNING * * *
As you read the scroll labelled HUUSYSMOEL, it crumbles to dust.
It is a scroll of amnesia.
You feel forgetful for a moment.
Blork the orc hits you from afar with a +0 trident.
* * * LOW HITPOINT WARNING * * *
The adder bites you.
You die...

*,,,,,,***#####...##......##...##
,,,,,,,**,,,,##.$.##......##..g##
*+*,,,,,*,,,,#....'...g...#.....g
*,*,,,,,*,,,,#....#.......#......
*,*,,,,,+,,,,#....#.......#.>....
*,*,,,,,*,,,,#.?..#5o.....#.)....
*,**,,***,,,*##ggo....##..####.##
,,,*,,***<,,###hS#######..#*##.##
,_,*,,*,,,,,#.oo@S# *,...,#....
,,,*,,*,,,,,#..§o§# *,,,,,#..>.
*,**,,+,,,,,#.§§§§# *,,,,,#....
*,*,,,**,,,,#.§.§.# *,,,,,#####
*,*,,,**,,,,###..## **,,,,*
*,*,,******** #### ****** *+*,,*
,,,,,* ,,,,,*


You could see Blork the orc (fast), a gnoll sergeant, a hound (ally target), a
gnoll, an adder (ally target), a friendly orc wizard (summoned), a friendly
adder (summoned) and 2 friendly orcs.

Vanquished Creatures
  3 bullfrogs
  A jelly (D:7)
  Ijyb (D:3)
  Terence (D:2)
  Robin (D:2)
  5 adders
  An ufetubus (D:4)
  A worm (D:2)
  2 dart slugs (D:1)
  An orc (D:6)
  19 ball pythons
  13 endoplasms
  20 giant cockroaches
  9 hobgoblins
  2 jackals (D:1)
  10 quokkas
  4 bats
  10 frilled lizards
  11 goblins
  6 kobolds
  8 rats
129 creatures vanquished.

Notes
Turn   | Place    | Note
-------+----------+-------------------------------------------
     0 | D:1      | CuBeRJAN3 the Gargoyle Fighter began the quest for the Orb.
     0 | D:1      | Reached XP level 1. HP: 14/14 MP: 1/1
   327 | D:1      | Reached XP level 2. HP: 19/19 MP: 2/2
   658 | D:1      | Reached XP level 3. HP: 24/24 MP: 3/3
   733 | D:1      | Found a faded altar of an unknown god.
  1177 | D:2      | Found a runed translucent door.
  1178 | D:2      | Noticed Crazy Yiuf
  1230 | D:2      | Found a glowing silver altar of Zin.
  1232 | D:2      | Noticed Robin
  1612 | D:2      | Killed Robin
  1613 | D:2      | Reached skill level 4 in Fighting
  1768 | D:2      | Reached XP level 4. HP: 29/29 MP: 4/4
  1914 | D:2      | Noticed Terence
  2007 | D:2      | Became a worshipper of Zin the Law-Giver
  2015 | D:2      | Donated 25 gold pieces to Zin
  2141 | D:2      | Killed Terence
  2578 | D:3      | Noticed Ijyb
  2642 | D:3      | Killed Ijyb
  2643 | D:3      | Reached XP level 5. HP: 34/34 MP: 5/5
  2691 | D:3      | Found a glowing drain.
  2735 | Sewer    | Entered a sewer
  3313 | Sewer    | Reached skill level 5 in Fighting
  3313 | Sewer    | Reached XP level 6. HP: 33/40 MP: 6/6
  3654 | D:3      | Reached * piety under Zin
  4202 | D:4      | You fall into a shaft and drop 3 floors!
  4369 | D:6      | Reached XP level 7. HP: 8/44 MP: 7/7
  4666 | D:6      | Noticed Blork the orc
  4686 | D:6      | HP: 2/44 [Blork the orc (1)]
  4686 | D:6      | Slain by an adder

Illustrated notes

Levels and vault maps discovered:
D:1:      lightli_arrival_windingriver, layout_basic, serial_co_window_serial,
          co_window_corner_a, co_window_paths_a, co_window_paths_a,
          co_window_cross_1, co_window_paths_b, co_window_corner_a,
          co_window_cross_1, co_window_cross_4, co_window_paths_c,
          co_window_corner_ca, co_window_corner_ca, glass_columns_b,
          glass_columns_a, glass_columns_a, glass_columns_a,
          shapermc_ecumenical_altar_notcrosses, kennysheep_nondescript,
          st_stairs_1
D:2:      layout_basic, basic_altar, serial_glass, glass_columns_c,
          glass_columns_a, due_unseen_surprise, minmay_strange_pillars,
          feat_on_display, item_on_display_b, uniq_crazy_yiuf_cottage,
          uniq_terence, uniq_robin
D:3:      layout_loops_ring, portal_sewer_entry_c, uniq_ijyb
D:4:      layout_gridville, gammafunk_temple_overflow_forgotten,
          minmay_temple_entry_junction_2, serial_shops, nicolae_shop_stone,
          kennysheep_crisscross
D:6:      layout_gridville, mainiacjoe_overflow_surrounded_room,
          kennysheep_generic_room_14, uniq_maggie, uniq_blork_the_orc
D:7:      layout_gridville

Skill      XL: |  1  2  3  4  5 |
---------------+----------------+-----
Fighting       | 4 5 |  5.6
Maces & Flails | 3 4 |  4.6
Armour         | 4 |  4.6
Shields        | 4 |  4.4

Action                   |  1- 3 |  4- 6 |  7- 9 || total
-------------------------+-------+-------+-------++-------
Melee: Flail             |   157 |   269 |     3 ||   429
       Unarmed           |       |     9 |       ||     9
Invok: Donate Gold       |       |     1 |       ||     1
  Use: Potion            |       |     3 |     1 ||     4
       Scroll            |       |       |     6 ||     6
 Stab: Confused          |       |     1 |       ||     1
Armor: Scale mail        |    89 |   113 |       ||   202
       Skin              |       |     7 |       ||     7
       Plate armour      |       |    36 |    18 ||    54
Dodge: Dodged            |    54 |    83 |     5 ||   142
Block: Kite shield       |    98 |   247 |    23 ||   368
       Other             |       |     2 |       ||     2
